 Dungeon Sprint DCSS version 0.32-a0-450-g080537f31e (webtiles) character file.

Game seed: 9024762712114328441

4200000 adelrune the Plane Walker (level 21, -74/142 HPs)
             Began as a Spriggan Warper on Feb 23, 2024.
             Was the Champion of Makhleb.
             Annihilated by a meat berserker
             ... wielding a +9 battleaxe
              (90 damage)
             ... in the Dungeon (Sprint VIII: "Arena of Blood").
             The game lasted 00:02:04 (42 turns).

adelrune the Plane Walker (Spriggan Warper)           Turns: 42, Time: 00:02:05

Health: -74/142    AC:  2    Str:  7    XL:     21   Next: 30%
Magic:  11/53      EV: 46    Int: 17    God:    Makhleb [******]
Gold:   0          SH:  0    Dex: 23    Spells: 74/74 levels left

rFire   . . .        j - +∞ Axe of Woe
rCold   . . .        (shield currently unavailable)
rNeg    . . .        b - +0 robe
rPois   .            (helmet restricted)
rElec   .            (no cloak)
rCorr   .            (gloves unavailable)
SInv    +            (boots unavailable)
Will    +++..        (no amulet)
Stlth   +++++++      (no ring)
HPRegen 0.43/turn    (no ring)
MPRegen 0.33/turn

%: no teleportation
@: very quick
A: very small, no large weapons, unfitting armour, see invisible, speed 3
a: Renounce Religion, Minor Destruction, Lesser Servant of Makhleb, Major
Destruction, Greater Servant of Makhleb


You were in the Dungeon.
You worshipped Makhleb.
Makhleb was exalted by your worship.
You visited 1 branch

Inventory:

Hand Weapons
 a - a +0 hand axe
 j - the +∞ Axe of Woe (weapon)
   (You found it in the Dungeon)
Missiles
 d - 7 darts of dispersal (quivered)
Armour
 b - a +0 robe (worn)
Scrolls
 c - 2 scrolls of blinking
Potions
 e - a potion of curing
 f - a potion of heal wounds
 g - a potion of haste
 h - 2 potions of magic
 i - a potion of berserk rage


   Skills:
 O Level 27 Fighting
 + Level 14.4(16.4) Short Blades
 + Level 10.1(12.3) Long Blades
 O Level 27 Axes
 + Level 9.2(19.4) Maces & Flails
 + Level 9.2(19.4) Polearms
 + Level 9.3(12.3) Staves
 + Level 11.9 Ranged Weapons
 O Level 27 Throwing
 + Level 9.2 Armour
 O Level 27 Dodging
 + Level 17.9 Stealth
 + Level 9.2 Shields
 + Level 10.1 Unarmed Combat
 O Level 27 Spellcasting
 + Level 9.2 Conjurations
 + Level 15.6 Hexes
 + Level 11.2 Summonings
 + Level 12.2 Necromancy
 O Level 27 Translocations
 + Level 11.2 Fire Magic
 + Level 11.2 Ice Magic
 + Level 12.2 Air Magic
 + Level 12.2 Earth Magic
 + Level 14.4 Alchemy
 + Level 13.2 Invocations
 + Level 16.9 Evocations
 + Level 15.6 Shapeshifting


You had 74 spell levels left.
You didn't know any spells.
Your spell library contained the following spells:

 Spells                   Type           Power      Damage    Failure   Level
 Blink                    Tloc           100%       N/A       0%          2
 Lesser Beckoning         Tloc           100%       N/A       0%          2
 Teleport Other           Tloc           86%        N/A       0%          3
 Manifold Assault         Tloc           86%        N/A       0%          4
 Vhi's Electric Charge    Tloc/Air       100%       N/A       0%          4


Dungeon Overview and Level Annotations

Branches:
Dungeon (1/1)

Altars:
Makhleb


Innate Abilities, Weirdness & Mutations

You are very small and have problems with some larger weapons.
You are too small for most types of armour.
You have supernaturally acute eyesight. (SInv)
You cover ground extremely quickly. (Speed+++)


Message History

You kill the bag of meat!
Makhleb accepts your kill.
The large bag of meat explodes!
The fiery explosion engulfs you!!
The fiery explosion engulfs the bag of meat!!
You are engulfed in blazing flames.
* * * LOW HITPOINT WARNING * * *
You hear a shout! x5
A bag of meat comes into view. It is wielding a +9 war axe. x3
The meat berserker is engulfed in blazing flames.
The meat berserker rages.
The destroyer casts a spell at you.
The destroyer blinks!
The large bag of meat is engulfed in blazing flames.
The meat berserker is engulfed in blazing flames.
The destroyer points at you and mumbles some strange words.
The destroyer blinks!
The bag of meat is engulfed in blazing flames.
The eight-headed meat hydra calls on the powers of darkness!
The eight-headed meat hydra convulses!
The large bag of meat convulses!
Flame seeps out of the large bag of meat.
The bag of meat convulses!
The meat berserker convulses! x2
The bag of meat convulses! x2; The meat berserker convulses!
The bag of meat convulses!
The meat berserker convulses!
Your body is wracked with pain!
* * * LOW HITPOINT WARNING * * *
The meat berserker convulses!
The bag of meat convulses! x4
The bag of meat shouts!
The bag of meat convulses! x6; The large bag of meat convulses!
Flame seeps out of the large bag of meat.
The bag of meat convulses! x4
The bag of meat shouts!
The bag of meat convulses!
You hear a shout! x2; You hear two shouts!
A large bag of meat, a bag of meat, a sculptor of flesh and a meat berserker come into view.
A meat berserker comes into view. It is wielding a +9 battleaxe.
The meat berserker attacks as it pursues you!
The meat berserker hits you with a +9 battleaxe!!!!
Ouch! That really hurt!
You die...

....##.##...O..
....o........o..
.o....#.#.o§....
...o.......V°.##
...o..VV.o..°o..
....oo...o.oOV..
........§§°o....
....oO.@§oo.....
.#§ooo§OO#.O..o
.. #..oDOO)#


OzO ...###...§)☼O###..o ........###o)o.oooOo #......))_V))V......
......#..))o#§.o.... ......#_)<._#....... .... #.....#....V.# You could see an
eight-headed meat hydra, 6 destroyers, a sculptor of flesh (wandering), 3 large
bags of meat, 8 meat berserkers and 25 bags of meat.

Vanquished Creatures
  2 vampire knights (D)
  19 ogres (D)
  3 two-headed ogres (D)
  26 orcs (D)
50 creatures vanquished.

Notes
Turn   | Place    | Note
-------+----------+-------------------------------------------
     0 | D        | Found the +∞ Axe of Woe
     0 | D        | adelrune the Spriggan Warper began the quest for the Orb.
     0 | D        | Reached XP level 1. HP: 10/10 MP: 5/5
     2 | D        | Noticed a bag of meat
     2 | D        | Noticed a bag of meat
     4 | D        | Became a worshipper of Makhleb the Destroyer
     4 | D        | Noticed a bag of meat
     6 | D        | Noticed a meat berserker
     6 | D        | Noticed a bag of meat
     9 | D        | Killed a meat berserker
    10 | D        | Reached XP level 2. HP: 23/23 MP: 5/18
    10 | D        | Reached XP level 3. HP: 26/26 MP: 5/20
    10 | D        | Reached XP level 4. HP: 31/31 MP: 5/21
    10 | D        | Reached XP level 5. HP: 35/35 MP: 5/23
    10 | D        | Reached XP level 6. HP: 39/39 MP: 5/24
    10 | D        | Reached XP level 7. HP: 44/44 MP: 5/26
    10 | D        | Reached XP level 8. HP: 48/48 MP: 5/27
    10 | D        | Reached XP level 9. HP: 52/52 MP: 5/28
    10 | D        | Reached XP level 10. HP: 57/57 MP: 5/29
    10 | D        | Reached XP level 11. HP: 60/60 MP: 5/30
    10 | D        | Noticed a meat berserker
    11 | D        | Noticed a meat berserker
    12 | D        | Noticed a bag of meat
    13 | D        | Noticed a meat berserker
    14 | D        | Noticed a bag of meat
    15 | D        | Noticed a meat berserker
    16 | D        | Noticed a meat berserker
    17 | D        | Killed a bag of meat
    17 | D        | Reached * piety under Makhleb
    17 | D        | Killed a bag of meat
    17 | D        | Killed a meat berserker
    17 | D        | Killed a bag of meat
    17 | D        | Reached ** piety under Makhleb
    17 | D        | Killed a bag of meat
    17 | D        | Killed a meat berserker
    17 | D        | Noticed a bag of meat
    17 | D        | Noticed a bag of meat
    18 | D        | Reached skill level 27 in Dodging
    18 | D        | Reached skill level 27 in Translocations
    18 | D        | Reached XP level 12. HP: 43/73 MP: 6/39
    18 | D        | Reached XP level 13. HP: 45/77 MP: 6/40
    18 | D        | Reached XP level 14. HP: 48/82 MP: 6/41
    18 | D        | Noticed a meat berserker
    19 | D        | Noticed a meat berserker
    19 | D        | Killed a meat berserker
    19 | D        | Reached *** piety under Makhleb
    20 | D        | Reached XP level 15. HP: 52/88 MP: 6/44
    20 | D        | Killed a meat berserker
    20 | D        | Noticed a meat berserker
    21 | D        | Reached skill level 15 in Fighting
    21 | D        | Killed a meat berserker
    22 | D        | Reached skill level 27 in Spellcasting
    22 | D        | Reached XP level 16. HP: 98/98 MP: 7/48
    22 | D        | Noticed a meat berserker
    22 | D        | Noticed a meat berserker
    22 | D        | Noticed a meat berserker
    22 | D        | Noticed a meat berserker
    22 | D        | Noticed a destroyer
    23 | D        | Killed a meat berserker
    23 | D        | Reached **** piety under Makhleb
    24 | D        | Noticed a meat berserker
    24 | D        | Noticed a meat berserker
    26 | D        | Killed a meat berserker
    26 | D        | Noticed a meat berserker
    26 | D        | Noticed a destroyer
    27 | D        | Killed a meat berserker
    27 | D        | Killed a meat berserker
    27 | D        | Reached ***** piety under Makhleb
    28 | D        | Reached skill level 27 in Axes
    28 | D        | Reached XP level 17. HP: 116/116 MP: 8/49
    28 | D        | Killed a meat berserker
    28 | D        | Noticed a meat berserker
    28 | D        | Noticed a destroyer
    29 | D        | Reached skill level 27 in Fighting
    29 | D        | Killed a meat berserker
    29 | D        | Killed a meat berserker
    29 | D        | Killed a meat berserker
    29 | D        | Noticed a meat berserker
    30 | D        | Reached skill level 27 in Throwing
    30 | D        | Reached XP level 18. HP: 127/127 MP: 8/50
    30 | D        | Noticed an eight-headed meat hydra
    30 | D        | Noticed a large bag of meat
    30 | D        | Noticed a large bag of meat
    30 | D        | Noticed a large bag of meat
    30 | D        | Noticed a destroyer
    30 | D        | Noticed a meat berserker
    30 | D        | Noticed a meat berserker
    31 | D        | Reached ****** piety under Makhleb
    31 | D        | Noticed a meat berserker
    31 | D        | Noticed a meat berserker
    32 | D        | Reached skill level 5 in Ranged Weapons
    32 | D        | Reached skill level 5 in Summonings
    32 | D        | Reached skill level 5 in Necromancy
    32 | D        | Reached skill level 5 in Fire Magic
    32 | D        | Reached skill level 5 in Ice Magic
    32 | D        | Reached skill level 5 in Air Magic
    32 | D        | Reached skill level 5 in Earth Magic
    32 | D        | Reached XP level 19. HP: 132/132 MP: 9/51
    32 | D        | Killed a meat berserker
    32 | D        | Killed a destroyer
    33 | D        | Reached skill level 5 in Maces & Flails
    33 | D        | Reached skill level 5 in Polearms
    33 | D        | Reached skill level 5 in Staves
    33 | D        | Reached skill level 5 in Armour
    33 | D        | Reached skill level 5 in Shields
    33 | D        | Reached skill level 5 in Conjurations
    33 | D        | Reached skill level 10 in Evocations
    34 | D        | Reached skill level 10 in Hexes
    34 | D        | Reached skill level 10 in Shapeshifting
    34 | D        | Noticed a meat berserker
    34 | D        | Noticed a large bag of meat
    35 | D        | Reached skill level 10 in Short Blades
    35 | D        | Reached skill level 10 in Alchemy
    35 | D        | Killed a meat berserker
    35 | D        | Killed a meat berserker
    35 | D        | Killed a large bag of meat
    35 | D        | Killed a destroyer
    35 | D        | Noticed a destroyer
    36 | D        | Reached skill level 10 in Ranged Weapons
    36 | D        | Reached skill level 15 in Stealth
    36 | D        | Reached skill level 10 in Necromancy
    36 | D        | Reached skill level 10 in Air Magic
    36 | D        | Reached skill level 10 in Earth Magic
    36 | D        | Reached XP level 20. HP: 106/137 MP: 10/52
    36 | D        | Noticed a meat berserker
    36 | D        | Noticed a meat berserker
    37 | D        | Killed a large bag of meat
    38 | D        | Reached skill level 10 in Summonings
    38 | D        | Reached skill level 10 in Fire Magic
    38 | D        | Reached skill level 10 in Ice Magic
    38 | D        | Reached skill level 15 in Evocations
    38 | D        | Killed a meat berserker
    38 | D        | Killed a meat berserker
    39 | D        | Reached skill level 10 in Long Blades
    39 | D        | Reached skill level 10 in Unarmed Combat
    39 | D        | Reached skill level 15 in Hexes
    39 | D        | Reached skill level 15 in Shapeshifting
    39 | D        | Reached XP level 21. HP: 67/142 MP: 10/53
    39 | D        | Noticed a destroyer
    39 | D        | Noticed a large bag of meat
    39 | D        | Noticed a destroyer
    40 | D        | Noticed a destroyer
    40 | D        | Noticed a destroyer
    41 | D        | Killed a large bag of meat
    42 | D        | Noticed a large bag of meat
    42 | D        | Annihilated by a meat berserker

Illustrated notes

Levels and vault maps discovered:
D:        meatsprint

Skill      XL: |  1  2  3  4  5  6  7  8  9 10 11 12 13 14 15 16 17 18 19 20 |
---------------+-------------------------------------------------------------+-----
Fighting       | 8 13 14 16 24 27 | 27.0
Axes           | 8 17 19 22 27 | 27.0
Throwing       | 4 6 7 8 12 27 | 27.0
Dodging        | 17 27 | 27.0
Spellcasting   | 14 22 24 27 | 27.0
Translocations | 26 27 | 27.0
Short Blades   | 6 12 14 | 14.4
Long Blades    | 4 8 10 | 10.1
Maces & Flails | 4 8 9 |  9.2
Polearms       | 4 8 9 |  9.2
Staves         | 4 8 9 |  9.3
Ranged Weapons | 5 10 11 | 11.9
Armour         | 4 8 9 |  9.2
Stealth        | 8 15 17 | 17.9
Shields        | 4 8 9 |  9.2
Unarmed Combat | 4 8 10 | 10.1
Conjurations   | 4 8 9 |  9.2
Hexes          | 7 13 15 | 15.6
Summonings     | 5 9 11 | 11.2
Necromancy     | 5 10 12 | 12.2
Fire Magic     | 5 9 11 | 11.2
Ice Magic      | 5 9 11 | 11.2
Air Magic      | 5 10 12 | 12.2
Earth Magic    | 5 10 12 | 12.2
Alchemy        | 6 12 14 | 14.4
Invocations    | 6 11 13 | 13.2
Evocations     | 8 14 16 | 16.9
Shapeshifting  | 7 13 15 | 15.6

Action                     |  1- 3 |  4- 6 |  7- 9 | 10-12 | 13-15 | 16-18 | 19-21 || total
---------------------------+-------+-------+-------+-------+-------+-------+-------++-------
  Melee: Broad axe         |     1 |       |       |     1 |     3 |     6 |     7 ||    18
         Hand axe          |       |       |       |     2 |       |       |       ||     2
 Armour: Robe              |       |       |       |     2 |       |       |     8 ||    10
  Dodge: Dodged            |       |       |       |     5 |       |       |     1 ||     6

Table legend: (Time is in decaauts)
 A = Elapsed time spent in this place.
 B = Non-inter-level travel time spent in this place.
 C = Inter-level travel time spent in this place.
 D = Time resting spent in this place.
 E = Time spent auto-exploring this place.
 F = Levels seen in this place.
 G = Mean time per level.
                   A        B        C        D        E       F      G
               +--------+--------+--------+--------+--------+-----+--------+
         Total |     30 |     30 |      0 |      0 |      0 |   1 |   30.0 |
       Dungeon |     30 |     30 |      0 |      0 |      0 |   1 |   30.0 |
               +--------+--------+--------+--------+--------+-----+--------+

Top non-repeatable levels by time:
       D: 30 daAuts
